Get step-by-step instructions on how to execute this build order below. Start the game timer, and the build order will tick by so you can play in parallel with StarCraft on a second screen or mobile device.

Game Time

  0:00

Last Step

  N/A

Next Step

Upcoming Step



Don't want to look back and forth between 2 screens? Try out our Overwolf App, the Spawning Tool Build Advisor to get an in-game overlay with this build!

Complete Build Order

  12  0:00  SCV  
  13  0:12  SCV  
  14  0:17  Supply Depot  
  14  0:24  SCV  
  15  0:39  SCV  
  15  0:40  Barracks  
  16  0:43  Refinery  
  16  0:51  SCV  
  17  0:58  Barracks  
  17  1:03  SCV  
  18  1:09  Refinery  
  18  1:15  SCV  
  19  1:27  Reaper  
  19  1:29  Orbital Command  
  20  1:38  Supply Depot  
  20  1:46  Reaper  
  22  1:54  SCV  
  22  1:59  Reaper  
  23  2:06  SCV  
  23  2:07  Factory  
  24  2:18  SCV, Reaper  
  26  2:23  Supply Depot  
  26  2:30  SCV  
  26  2:33  Reaper  
  28  2:42  SCV  
  29  2:51  Hellion, Reaper  
  31  2:54  SCV  
  33  2:58  Command Center  
  33  3:06  SCV  
  33  3:07  Reaper  
  35  3:16  Supply Depot  
  35  3:20  Starport  
  35  3:21  SCV  
  36  3:28  Cyclone  
  35  3:35  SCV  
  36  3:43  Marine x2  
  36  3:47  SCV  
  39  3:56  Medivac  
  39  3:59  SCV  
  39  4:00  Cyclone  
  39  4:01  Marine x2  
  46  4:10  Orbital Command  
  46  4:11  SCV  
  47  4:19  Marine x2  
  47  4:23  SCV  
  50  4:28  Refinery  
  50  4:30  Starport Tech Lab, Supply Depot  
  50  4:32  Factory Tech Lab  
  50  4:35  SCV  
  50  4:37  Barracks Reactor  
  52  4:40  Barracks Tech Lab  
  52  4:41  SCV  
  52  4:47  SCV  
  52  4:52  Raven, Interference Matrix  
  55  4:53  SCV, Supply Depot  
  55  4:59  SCV  
  57  5:02  Marine  
  57  5:04  Stimpack  
  57  5:05  SCV  
  60  5:14  SCV  
  60  5:17  Command Center, SCV  
  60  5:19  Marine x2  
  63  5:26  SCV  
  63  5:27  Raven  
  65  5:29  SCV  
  65  5:34  Marine, Supply Depot  
  67  5:36  Refinery  
  67  5:37  Marine x2  
  67  5:38  SCV  
  67  5:40  Siege Tank  
  67  5:41  SCV  
  74  5:50  SCV  
  74  5:53  SCV  
  76  5:57  Supply Depot  
  76  6:02  SCV  
  77  6:06  SCV  
  77  6:07  Marine x3  
  77  6:10  Supply Depot  
  81  6:19  Siege Tank, SCV x2  
  81  6:20  Starport Reactor, Engineering Bay x2  
  81  6:24  Marine  
  81  6:25  Marine x2  
  89  6:31  SCV x2  
  72  6:42  Marine x3  
  72  6:43  SCV x2  
  63  6:55  SCV x2